[ PARTIDA AOE2 · #464207666 ]
Team RMMaya vs Ethiopians
[ ANÁLISIS DE REPETICIÓN · EXTRAÍDO DE LA PARTIDA GRABADA ]
Feudal
18:54
Castillos
23:22
Imperial
43:03
| APM promedio | 19.4 |
| APM pico | 37 |
| eAPM promedio | 12.4 |
| Aldeanos / militares | 92 / 124 |
Foco
⚔️ 31.8% · 🌾 68.2%
Eagle Scout ×60 · Skirmisher ×56 · Fishing Ship ×21 · Spearman ×6 · Trebuchet (Packed) ×2
Feudal
13:36
Castillos
17:47
Imperial
—
| APM promedio | 19.9 |
| APM pico | 65 |
| eAPM promedio | 9.6 |
| Aldeanos / militares | 86 / 16 |
Foco
⚔️ 37.6% · 🌾 62.4%
Conquistador ×16 · Fishing Ship ×11
Feudal
15:27
Castillos
27:15
Imperial
—
| APM promedio | 29.6 |
| APM pico | 87 |
| eAPM promedio | 15.1 |
| Aldeanos / militares | 119 / 172 |
Foco
⚔️ 18.9% · 🌾 81.1%
Knight ×154 · Fishing Ship ×12 · Scout Cavalry ×12 · Monk ×6
Feudal
14:34
Castillos
21:02
Imperial
36:20
| APM promedio | 18.2 |
| APM pico | 52 |
| eAPM promedio | 11.3 |
| Aldeanos / militares | 88 / 199 |
Foco
⚔️ 46.0% · 🌾 54.0%
Hand Cannoneer ×89 · Camel Scout ×66 · Camel Archer ×28 · Fishing Ship ×8 · Fire Galley ×6 · Trebuchet (Packed) ×6
Feudal
17:01
Castillos
25:35
Imperial
—
| APM promedio | 21.4 |
| APM pico | 56 |
| eAPM promedio | 8.9 |
| Aldeanos / militares | 60 / 83 |
Foco
⚔️ 34.4% · 🌾 65.6%
Tarkan ×69 · Archer ×10 · Fishing Ship ×8 · Spearman ×4
Feudal
14:52
Castillos
22:07
Imperial
43:07
| APM promedio | 21.7 |
| APM pico | 52 |
| eAPM promedio | 14.5 |
| Aldeanos / militares | 140 / 261 |
Foco
⚔️ 41.7% · 🌾 58.3%
Archer ×131 · Spearman ×99 · Scout Cavalry ×21 · Fishing Ship ×10 · Battering Ram ×7 · Trebuchet (Packed) ×3
Mapa de la partida
Recursos iniciales + cada clic de construcción. Líneas = muros · curvas = relieve. ◆ oro · ⬟ piedra · ● bayas · ✦ reliquia · ◌ hueco del cierre
Tu base· Abierta — hueco de 14t
Base de lilofduque· Abierta — flanco sin cerrar
Base de Mamba24· ✓ Cerrada en 27:15 · 26t muro · sin puerta
Base de Yova· Abierta — hueco de 9t
Base de Rodra· Abierta — hueco de 6t
Base de Chennichiwa· Abierta — hueco de 5t
Terreno inicial suavizado · ◌ = hueco del cierre detectado · pasá el cursor para detalles
Inputs por minuto
— Mathías - - lilofduque
Build order — Mathías
Primeras 150 de 337 acciones detectadas
| 4:16 | Construir | Town Center |
| 4:52 | Construir | House |
| 4:59 | Construir | House |
| 6:14 | Crear | Villager (Male) |
| 6:14 | Crear | Villager (Male) |
| 6:14 | Crear | Villager (Male) |
| 6:15 | Crear | Villager (Male) |
| 6:51 | Construir | Dock |
| 7:18 | Crear | Villager (Male) |
| 7:18 | Crear | Villager (Male) |
| 8:02 | Crear | Villager (Male) |
| 8:03 | Crear | Villager (Male) |
| 8:31 | Crear | Villager (Male) |
| 8:31 | Crear | Villager (Male) |
| 9:01 | Crear | Villager (Male) |
| 9:01 | Crear | Villager (Male) |
| 9:39 | Crear | Villager (Male) |
| 9:40 | Crear | Villager (Male) |
| 10:10 | Crear | Fishing Ship |
| 10:10 | Crear | Fishing Ship |
| 10:33 | Crear | Fishing Ship |
| 10:33 | Crear | Fishing Ship |
| 10:38 | Crear | Villager (Male) |
| 11:00 | Construir | House |
| 11:04 | Crear | Villager (Male) |
| 11:04 | Crear | Villager (Male) |
| 11:22 | Crear | Villager (Male) |
| 11:23 | Crear | Villager (Male) |
| 11:36 | Construir | House |
| 11:40 | Crear | Villager (Male) |
| 11:40 | Crear | Villager (Male) |
| 11:51 | Crear | Fishing Ship |
| 11:51 | Crear | Fishing Ship |
| 12:07 | Crear | Villager (Male) |
| 12:08 | Crear | Villager (Male) |
| 12:14 | Crear | Fishing Ship |
| 12:14 | Crear | Fishing Ship |
| 12:38 | Construir | Mill |
| 12:41 | Crear | Villager (Male) |
| 12:41 | Crear | Villager (Male) |
| 13:02 | Crear | Villager (Male) |
| 13:02 | Crear | Villager (Male) |
| 13:18 | Crear | Villager (Male) |
| 13:18 | Crear | Villager (Male) |
| 13:37 | Crear | Villager (Male) |
| 13:37 | Crear | Villager (Male) |
| 13:50 | Crear | Fishing Ship |
| 13:50 | Crear | Fishing Ship |
| 14:16 | Crear | Villager (Male) |
| 14:16 | Crear | Villager (Male) |
| 14:17 | Crear | Villager (Male) |
| 14:18 | Crear | Villager (Male) |
| 14:19 | Crear | Villager (Male) |
| 14:36 | Construir | House |
| 14:39 | Construir | House |
| 14:50 | Crear | Villager (Male) |
| 14:50 | Crear | Villager (Male) |
| 14:51 | Crear | Villager (Male) |
| 14:51 | Crear | Villager (Male) |
| 14:52 | Crear | Villager (Male) |
| 15:07 | Crear | Fishing Ship |
| 15:07 | Crear | Fishing Ship |
| 15:08 | Crear | Fishing Ship |
| 15:27 | Construir | Lumber Camp |
| 16:31 | Investigar | Feudal Age |
| 16:49 | Construir | Mining Camp |
| 17:01 | Crear | Fishing Ship |
| 17:01 | Crear | Fishing Ship |
| 17:02 | Crear | Fishing Ship |
| 17:21 | Construir | House |
| 17:27 | Construir | Palisade Wall |
| 17:49 | Construir | Palisade Wall |
| 17:58 | Construir | Palisade Wall |
| 18:04 | Crear | Villager (Male) |
| 18:04 | Crear | Villager (Male) |
| 18:17 | Crear | Fishing Ship |
| 18:17 | Crear | Fishing Ship |
| 18:54 | Edad | Edad Feudal |
| 19:03 | Construir | Market |
| 19:12 | Construir | Blacksmith |
| 19:25 | Investigar | Double-Bit Axe |
| 19:49 | Construir | House |
| 20:03 | Crear | Villager (Male) |
| 20:03 | Crear | Villager (Male) |
| 20:04 | Crear | Villager (Male) |
| 20:04 | Crear | Villager (Male) |
| 20:04 | Crear | Villager (Male) |
| 20:04 | Crear | Villager (Male) |
| 20:42 | Investigar | Castle Age |
| 20:54 | Construir | Barracks |
| 21:02 | Construir | Stone Wall |
| 21:06 | Construir | Gate |
| 21:09 | Crear | Fishing Ship |
| 21:10 | Crear | Fishing Ship |
| 21:10 | Crear | Fishing Ship |
| 21:18 | Investigar | Tech 906 |
| 21:58 | Construir | Archery Range |
| 22:23 | Crear | Spearman |
| 22:23 | Crear | Spearman |
| 22:23 | Crear | Spearman |
| 22:24 | Crear | Spearman |
| 22:49 | Crear | Skirmisher |
| 22:49 | Crear | Skirmisher |
| 22:50 | Crear | Skirmisher |
| 22:50 | Crear | Skirmisher |
| 22:50 | Crear | Skirmisher |
| 23:07 | Construir | Stone Wall |
| 23:13 | Construir | Gate |
| 23:22 | Edad | Edad de los Castillos |
| 23:56 | Construir | Farm |
| 23:57 | Construir | Farm |
| 23:57 | Construir | Farm |
| 23:57 | Construir | Farm |
| 23:57 | Construir | Farm |
| 23:58 | Construir | Farm |
| 23:58 | Construir | Farm |
| 23:58 | Construir | Farm |
| 23:59 | Construir | Farm |
| 23:59 | Construir | Farm |
| 24:13 | Crear | Villager (Male) |
| 24:13 | Crear | Villager (Male) |
| 24:14 | Crear | Villager (Male) |
| 24:14 | Crear | Villager (Male) |
| 24:14 | Crear | Villager (Male) |
| 24:14 | Crear | Villager (Male) |
| 25:21 | Construir | House |
| 25:21 | Construir | House |
| 25:22 | Construir | House |
| 25:22 | Construir | House |
| 26:40 | Construir | Monastery |
| 27:14 | Construir | Town Center |
| 27:35 | Investigar | Elite Skirmisher (upgrade) |
| 27:50 | Construir | Archery Range |
| 28:22 | Crear | Skirmisher |
| 28:22 | Crear | Skirmisher |
| 28:23 | Crear | Skirmisher |
| 28:23 | Crear | Skirmisher |
| 28:23 | Crear | Skirmisher |
| 28:24 | Crear | Skirmisher |
| 28:24 | Crear | Skirmisher |
| 28:55 | Crear | Skirmisher |
| 28:56 | Crear | Skirmisher |
| 29:23 | Construir | University |
| 30:11 | Investigar | Thumb Ring |
| 30:11 | Crear | Skirmisher |
| 30:12 | Crear | Skirmisher |
| 30:12 | Crear | Skirmisher |
| 30:12 | Crear | Skirmisher |
| 30:12 | Crear | Skirmisher |
| 30:43 | Construir | Castle |
Build order — lilofduque
Primeras 150 de 185 acciones detectadas
| 0:47 | Construir | Town Center |
| 1:43 | Construir | Dock |
| 1:46 | Construir | House |
| 2:53 | Crear | Villager (Male) |
| 2:53 | Crear | Villager (Male) |
| 3:02 | Crear | Villager (Male) |
| 3:02 | Crear | Villager (Male) |
| 3:03 | Crear | Villager (Male) |
| 3:59 | Crear | Fishing Ship |
| 4:31 | Crear | Villager (Male) |
| 4:52 | Construir | House |
| 5:07 | Crear | Villager (Male) |
| 5:08 | Crear | Villager (Male) |
| 5:41 | Crear | Villager (Male) |
| 5:43 | Crear | Fishing Ship |
| 6:05 | Crear | Villager (Male) |
| 6:05 | Crear | Villager (Male) |
| 6:10 | Construir | House |
| 6:35 | Crear | Villager (Male) |
| 6:36 | Crear | Villager (Male) |
| 6:41 | Crear | Fishing Ship |
| 7:06 | Crear | Villager (Male) |
| 7:26 | Crear | Villager (Male) |
| 7:26 | Crear | Villager (Male) |
| 7:27 | Crear | Fishing Ship |
| 7:44 | Construir | House |
| 8:00 | Crear | Villager (Male) |
| 8:22 | Crear | Fishing Ship |
| 8:22 | Crear | Fishing Ship |
| 8:26 | Crear | Villager (Male) |
| 8:26 | Crear | Villager (Male) |
| 8:49 | Crear | Villager (Male) |
| 9:02 | Crear | Villager (Male) |
| 9:34 | Crear | Villager (Male) |
| 9:36 | Construir | Mill |
| 9:45 | Crear | Fishing Ship |
| 9:49 | Investigar | Loom |
| 9:57 | Construir | House |
| 10:07 | Crear | Villager (Male) |
| 10:11 | Crear | Fishing Ship |
| 10:47 | Crear | Villager (Male) |
| 11:15 | Crear | Fishing Ship |
| 11:20 | Construir | House |
| 11:26 | Investigar | Feudal Age |
| 12:22 | Construir | House |
| 13:05 | Crear | Fishing Ship |
| 13:05 | Crear | Fishing Ship |
| 13:23 | Crear | Villager (Male) |
| 13:36 | Edad | Edad Feudal |
| 13:42 | Construir | House |
| 14:01 | Construir | Market |
| 14:06 | Construir | Blacksmith |
| 14:14 | Crear | Villager (Male) |
| 14:16 | Crear | Villager (Male) |
| 15:07 | Investigar | Castle Age |
| 15:10 | Construir | Mining Camp |
| 16:02 | Construir | Lumber Camp |
| 16:19 | Construir | Dock |
| 17:03 | Investigar | Double-Bit Axe |
| 17:26 | Crear | Villager (Male) |
| 17:27 | Crear | Villager (Male) |
| 17:46 | Crear | Villager (Male) |
| 17:47 | Edad | Edad de los Castillos |
| 17:57 | Investigar | Bow Saw |
| 18:28 | Construir | Castle |
| 18:29 | Crear | Villager (Male) |
| 18:41 | Investigar | Horse Collar |
| 19:31 | Crear | Conquistador |
| 19:31 | Crear | Conquistador |
| 19:32 | Crear | Conquistador |
| 19:47 | Crear | Conquistador |
| 19:49 | Crear | Villager (Male) |
| 19:49 | Crear | Villager (Male) |
| 19:49 | Crear | Villager (Male) |
| 20:04 | Investigar | Town Watch |
| 20:15 | Crear | Villager (Male) |
| 20:46 | Crear | Villager (Male) |
| 20:56 | Crear | Villager (Male) |
| 21:04 | Crear | Villager (Male) |
| 21:12 | Crear | Conquistador |
| 21:18 | Crear | Villager (Male) |
| 21:37 | Construir | Town Center |
| 21:38 | Crear | Villager (Male) |
| 21:53 | Crear | Villager (Male) |
| 22:01 | Crear | Villager (Male) |
| 22:09 | Crear | Villager (Male) |
| 22:16 | Crear | Conquistador |
| 22:16 | Crear | Conquistador |
| 22:20 | Construir | Farm |
| 22:20 | Construir | Farm |
| 22:21 | Construir | Farm |
| 22:21 | Construir | Farm |
| 22:21 | Construir | Farm |
| 22:21 | Construir | Farm |
| 22:22 | Construir | Farm |
| 22:22 | Construir | Farm |
| 22:24 | Investigar | Heavy Plow |
| 22:37 | Crear | Villager (Male) |
| 22:52 | Crear | Villager (Male) |
| 23:09 | Construir | Farm |
| 23:10 | Construir | Farm |
| 23:19 | Crear | Villager (Male) |
| 23:21 | Crear | Villager (Male) |
| 23:21 | Crear | Villager (Male) |
| 23:23 | Construir | Farm |
| 23:23 | Construir | Farm |
| 23:24 | Construir | Farm |
| 23:24 | Construir | Farm |
| 23:24 | Construir | Farm |
| 23:24 | Construir | Farm |
| 23:25 | Construir | Farm |
| 23:36 | Crear | Conquistador |
| 23:36 | Crear | Conquistador |
| 23:49 | Crear | Villager (Male) |
| 23:51 | Crear | Villager (Male) |
| 24:06 | Crear | Villager (Male) |
| 24:10 | Crear | Villager (Male) |
| 24:24 | Construir | Barracks |
| 24:29 | Crear | Conquistador |
| 24:33 | Crear | Villager (Male) |
| 24:44 | Crear | Villager (Male) |
| 24:52 | Crear | Conquistador |
| 24:52 | Crear | Conquistador |
| 25:00 | Crear | Villager (Male) |
| 25:11 | Crear | Villager (Male) |
| 25:18 | Investigar | Fletching |
| 25:26 | Crear | Villager (Male) |
| 25:36 | Crear | Villager (Male) |
| 25:43 | Construir | University |
| 25:49 | Crear | Conquistador |
| 25:59 | Crear | Villager (Male) |
| 26:07 | Crear | Villager (Male) |
| 26:10 | Construir | House |
| 26:11 | Construir | House |
| 26:11 | Construir | House |
| 26:11 | Construir | House |
| 26:15 | Construir | House |
| 26:16 | Construir | House |
| 26:16 | Construir | House |
| 26:41 | Construir | Stable |
| 26:44 | Crear | Villager (Male) |
| 26:50 | Crear | Villager (Male) |
| 26:58 | Crear | Villager (Male) |
| 27:17 | Crear | Villager (Male) |
| 27:35 | Investigar | Wheelbarrow |
| 27:36 | Crear | Villager (Male) |
| 27:36 | Crear | Villager (Male) |
| 27:53 | Crear | Villager (Male) |
| 28:02 | Investigar | Bloodlines |
| 28:05 | Construir | Mill |
Build order — Mamba24
Primeras 150 de 316 acciones detectadas
| 1:15 | Construir | Dock |
| 1:21 | Construir | Town Center |
| 2:01 | Construir | House |
| 2:18 | Construir | House |
| 3:16 | Crear | Villager (Male) |
| 3:16 | Crear | Villager (Male) |
| 3:16 | Crear | Villager (Male) |
| 3:17 | Crear | Villager (Male) |
| 3:17 | Crear | Villager (Male) |
| 3:17 | Crear | Villager (Male) |
| 4:22 | Crear | Villager (Male) |
| 4:22 | Crear | Villager (Male) |
| 5:31 | Crear | Villager (Male) |
| 5:31 | Crear | Villager (Male) |
| 5:52 | Crear | Villager (Male) |
| 5:52 | Crear | Villager (Male) |
| 5:57 | Crear | Fishing Ship |
| 5:58 | Crear | Fishing Ship |
| 6:18 | Crear | Villager (Male) |
| 6:18 | Crear | Villager (Male) |
| 6:35 | Construir | House |
| 6:54 | Crear | Villager (Male) |
| 6:54 | Crear | Villager (Male) |
| 6:54 | Crear | Villager (Male) |
| 7:18 | Crear | Villager (Male) |
| 7:18 | Crear | Villager (Male) |
| 7:23 | Crear | Fishing Ship |
| 7:23 | Crear | Fishing Ship |
| 7:38 | Crear | Villager (Male) |
| 7:39 | Crear | Villager (Male) |
| 7:39 | Crear | Villager (Male) |
| 7:55 | Crear | Villager (Male) |
| 7:56 | Crear | Villager (Male) |
| 8:34 | Crear | Fishing Ship |
| 8:34 | Crear | Fishing Ship |
| 8:48 | Construir | House |
| 8:51 | Crear | Villager (Male) |
| 8:51 | Crear | Villager (Male) |
| 9:14 | Crear | Villager (Male) |
| 9:14 | Crear | Villager (Male) |
| 9:32 | Crear | Villager (Male) |
| 9:34 | Crear | Villager (Male) |
| 9:37 | Crear | Fishing Ship |
| 9:37 | Crear | Fishing Ship |
| 9:53 | Construir | House |
| 10:02 | Crear | Villager (Male) |
| 10:03 | Crear | Villager (Male) |
| 10:03 | Crear | Villager (Male) |
| 10:03 | Crear | Villager (Male) |
| 10:43 | Crear | Villager (Male) |
| 10:44 | Crear | Villager (Male) |
| 10:44 | Crear | Villager (Male) |
| 10:44 | Crear | Villager (Male) |
| 10:54 | Crear | Villager (Male) |
| 10:54 | Crear | Villager (Male) |
| 10:58 | Construir | House |
| 11:19 | Construir | Mill |
| 12:02 | Crear | Fishing Ship |
| 12:02 | Crear | Fishing Ship |
| 12:27 | Investigar | Loom |
| 12:44 | Construir | Lumber Camp |
| 12:49 | Investigar | Feudal Age |
| 13:36 | Crear | Fishing Ship |
| 13:36 | Crear | Fishing Ship |
| 14:03 | Construir | House |
| 14:05 | Construir | House |
| 14:12 | Crear | Villager (Male) |
| 14:13 | Crear | Villager (Male) |
| 14:40 | Construir | Barracks |
| 14:51 | Crear | Villager (Male) |
| 15:27 | Edad | Edad Feudal |
| 15:44 | Construir | Stable |
| 15:47 | Crear | Villager (Male) |
| 16:16 | Construir | Lumber Camp |
| 16:28 | Construir | House |
| 16:30 | Crear | Scout Cavalry |
| 16:30 | Crear | Scout Cavalry |
| 16:30 | Crear | Scout Cavalry |
| 16:30 | Crear | Scout Cavalry |
| 16:30 | Crear | Scout Cavalry |
| 16:32 | Crear | Scout Cavalry |
| 16:32 | Crear | Scout Cavalry |
| 16:37 | Investigar | Double-Bit Axe |
| 16:53 | Construir | House |
| 16:57 | Crear | Villager (Male) |
| 17:02 | Investigar | Horse Collar |
| 17:03 | Investigar | Horse Collar |
| 17:14 | Crear | Villager (Male) |
| 17:23 | Construir | Farm |
| 17:41 | Construir | Outpost |
| 17:43 | Construir | Outpost |
| 17:46 | Construir | Outpost |
| 17:51 | Crear | Scout Cavalry |
| 17:52 | Crear | Villager (Male) |
| 17:53 | Crear | Villager (Male) |
| 17:56 | Construir | Farm |
| 17:56 | Construir | Farm |
| 17:56 | Construir | Farm |
| 17:57 | Construir | Farm |
| 17:57 | Construir | Farm |
| 17:59 | Crear | Scout Cavalry |
| 18:12 | Crear | Scout Cavalry |
| 18:15 | Crear | Villager (Male) |
| 18:21 | Construir | Farm |
| 18:21 | Construir | Farm |
| 18:24 | Construir | Farm |
| 18:33 | Construir | Farm |
| 18:37 | Construir | Farm |
| 18:45 | Crear | Scout Cavalry |
| 18:49 | Construir | House |
| 18:50 | Construir | House |
| 18:52 | Construir | House |
| 18:55 | Construir | Palisade Wall |
| 19:51 | Crear | Scout Cavalry |
| 19:52 | Crear | Villager (Male) |
| 19:55 | Investigar | Bloodlines |
| 20:27 | Crear | Villager (Male) |
| 20:27 | Crear | Villager (Male) |
| 20:28 | Crear | Villager (Male) |
| 20:33 | Construir | Farm |
| 20:34 | Construir | Farm |
| 20:34 | Construir | Farm |
| 20:34 | Construir | Farm |
| 20:34 | Construir | Farm |
| 20:35 | Construir | Farm |
| 20:35 | Construir | Farm |
| 20:35 | Construir | Farm |
| 20:35 | Construir | Farm |
| 20:40 | Construir | House |
| 20:41 | Construir | House |
| 20:42 | Construir | House |
| 20:44 | Crear | Villager (Male) |
| 22:08 | Construir | Blacksmith |
| 22:12 | Construir | Market |
| 22:18 | Construir | Palisade Wall |
| 22:55 | Crear | Villager (Male) |
| 22:55 | Crear | Villager (Male) |
| 22:55 | Crear | Villager (Male) |
| 22:56 | Crear | Villager (Male) |
| 23:04 | Construir | Palisade Wall |
| 23:07 | Construir | Palisade Wall |
| 23:13 | Construir | Palisade Wall |
| 23:21 | Investigar | Scale Barding Armor |
| 23:34 | Construir | Farm |
| 23:36 | Crear | Villager (Male) |
| 23:46 | Construir | Mining Camp |
| 24:16 | Investigar | Castle Age |
| 25:57 | Construir | Stone Wall |
| 26:18 | Construir | Stable |
| 26:21 | Construir | Stable |
Build order — Yova
Primeras 150 de 293 acciones detectadas
| 0:24 | Construir | Town Center |
| 0:57 | Construir | Dock |
| 1:06 | Construir | House |
| 2:34 | Crear | Villager (Male) |
| 2:34 | Crear | Villager (Male) |
| 2:35 | Crear | Villager (Male) |
| 2:35 | Crear | Villager (Male) |
| 2:35 | Crear | Villager (Male) |
| 4:14 | Crear | Villager (Male) |
| 4:18 | Crear | Villager (Male) |
| 4:19 | Crear | Villager (Male) |
| 4:53 | Construir | House |
| 5:11 | Investigar | Loom |
| 5:28 | Crear | Villager (Male) |
| 6:16 | Crear | Villager (Male) |
| 6:16 | Crear | Villager (Male) |
| 6:16 | Crear | Villager (Male) |
| 7:09 | Construir | House |
| 7:32 | Crear | Villager (Male) |
| 7:56 | Construir | Lumber Camp |
| 8:01 | Crear | Villager (Male) |
| 8:04 | Crear | Villager (Male) |
| 8:53 | Construir | Mill |
| 9:01 | Crear | Villager (Male) |
| 9:02 | Crear | Villager (Male) |
| 9:08 | Construir | House |
| 9:23 | Crear | Fishing Ship |
| 9:23 | Crear | Fishing Ship |
| 10:00 | Crear | Villager (Male) |
| 10:21 | Crear | Villager (Male) |
| 10:37 | Construir | Mill |
| 10:53 | Construir | Barracks |
| 11:01 | Crear | Villager (Male) |
| 11:23 | Construir | House |
| 11:49 | Construir | Mining Camp |
| 11:55 | Crear | Villager (Male) |
| 12:05 | Crear | Fishing Ship |
| 12:24 | Investigar | Feudal Age |
| 12:37 | Construir | House |
| 12:53 | Crear | Fishing Ship |
| 12:53 | Crear | Fishing Ship |
| 12:54 | Crear | Fishing Ship |
| 13:21 | Crear | Villager (Male) |
| 14:34 | Edad | Edad Feudal |
| 14:38 | Crear | Villager (Male) |
| 14:48 | Construir | Farm |
| 14:50 | Construir | Farm |
| 14:54 | Investigar | Double-Bit Axe |
| 15:01 | Investigar | Horse Collar |
| 15:07 | Crear | Fishing Ship |
| 15:07 | Crear | Fishing Ship |
| 15:13 | Crear | Villager (Male) |
| 15:38 | Construir | Farm |
| 15:43 | Crear | Villager (Male) |
| 16:19 | Crear | Villager (Male) |
| 16:26 | Investigar | Wheelbarrow |
| 16:31 | Construir | House |
| 17:03 | Construir | Stable |
| 17:26 | Construir | Blacksmith |
| 17:39 | Crear | Villager (Male) |
| 17:46 | Construir | Mining Camp |
| 18:09 | Construir | Farm |
| 18:11 | Construir | Farm |
| 18:19 | Crear | Villager (Male) |
| 18:22 | Investigar | Castle Age |
| 18:26 | Crear | Scout Cavalry |
| 18:26 | Crear | Scout Cavalry |
| 18:53 | Crear | Villager (Male) |
| 19:11 | Crear | Villager (Male) |
| 19:31 | Construir | House |
| 19:34 | Construir | House |
| 20:22 | Crear | Scout Cavalry |
| 20:22 | Crear | Scout Cavalry |
| 20:42 | Crear | Villager (Male) |
| 20:53 | Crear | Fire Galley |
| 20:53 | Crear | Fire Galley |
| 20:54 | Crear | Fire Galley |
| 21:02 | Edad | Edad de los Castillos |
| 21:17 | Crear | Villager (Male) |
| 21:31 | Investigar | Forging |
| 21:32 | Investigar | Scale Barding Armor |
| 21:35 | Crear | Villager (Male) |
| 21:36 | Crear | Villager (Male) |
| 21:47 | Construir | Town Center |
| 21:59 | Crear | Camel Scout |
| 22:00 | Crear | Camel Scout |
| 22:13 | Construir | Mill |
| 22:16 | Crear | Villager (Male) |
| 22:16 | Crear | Villager (Male) |
| 22:16 | Crear | Villager (Male) |
| 22:29 | Construir | Town Center |
| 22:38 | Crear | Villager (Male) |
| 22:39 | Crear | Villager (Male) |
| 22:39 | Crear | Villager (Male) |
| 22:47 | Crear | Camel Scout |
| 22:47 | Crear | Camel Scout |
| 22:47 | Crear | Camel Scout |
| 23:01 | Investigar | Scale Barding Armor |
| 23:38 | Crear | Villager (Male) |
| 23:38 | Crear | Villager (Male) |
| 23:38 | Crear | Villager (Male) |
| 23:39 | Crear | Villager (Male) |
| 23:39 | Crear | Villager (Male) |
| 23:39 | Crear | Villager (Male) |
| 23:39 | Crear | Villager (Male) |
| 24:17 | Crear | Villager (Male) |
| 24:17 | Crear | Villager (Male) |
| 24:18 | Crear | Villager (Male) |
| 24:18 | Crear | Villager (Male) |
| 24:18 | Crear | Villager (Male) |
| 24:25 | Construir | Town Center |
| 24:48 | Crear | Villager (Male) |
| 24:48 | Crear | Villager (Male) |
| 24:48 | Crear | Villager (Male) |
| 24:48 | Crear | Villager (Male) |
| 24:49 | Crear | Villager (Male) |
| 24:49 | Crear | Villager (Male) |
| 24:49 | Crear | Villager (Male) |
| 24:50 | Crear | Villager (Male) |
| 24:58 | Investigar | Scale Barding Armor |
| 25:04 | Construir | Monastery |
| 25:26 | Construir | House |
| 25:28 | Construir | House |
| 25:29 | Construir | House |
| 27:11 | Construir | Farm |
| 27:24 | Construir | House |
| 28:10 | Investigar | Chain Barding Armor |
| 28:11 | Investigar | Forging |
| 28:42 | Construir | Lumber Camp |
| 29:12 | Construir | Market |
| 29:18 | Construir | University |
| 29:56 | Investigar | Bloodlines |
| 29:57 | Crear | Camel Scout ×5 |
| 29:57 | Crear | Camel Scout ×5 |
| 29:58 | Crear | Camel Scout ×5 |
| 29:58 | Crear | Camel Scout ×2 |
| 30:34 | Crear | Camel Scout |
| 30:34 | Crear | Camel Scout |
| 30:35 | Crear | Camel Scout |
| 31:36 | Investigar | Iron Casting |
| 32:06 | Construir | Castle |
| 32:44 | Crear | Villager (Male) |
| 32:45 | Crear | Villager (Male) |
| 32:45 | Crear | Villager (Male) |
| 32:45 | Crear | Villager (Male) |
| 33:01 | Investigar | Imperial Age |
| 33:15 | Construir | House |
| 33:17 | Construir | House |
| 33:27 | Crear | Villager (Male) |
| 33:27 | Crear | Villager (Male) |
Build order — Rodra
Primeras 150 de 199 acciones detectadas
| 3:05 | Construir | Town Center |
| 5:14 | Crear | Villager (Male) |
| 5:15 | Crear | Villager (Male) |
| 5:32 | Crear | Villager (Male) |
| 5:33 | Crear | Villager (Male) |
| 5:33 | Crear | Villager (Male) |
| 6:14 | Crear | Villager (Male) |
| 7:01 | Crear | Villager (Male) |
| 7:18 | Crear | Villager (Male) |
| 7:18 | Crear | Villager (Male) |
| 7:41 | Crear | Villager (Male) |
| 7:41 | Crear | Villager (Male) |
| 8:04 | Crear | Villager (Male) |
| 8:04 | Crear | Villager (Male) |
| 9:12 | Crear | Villager (Male) |
| 9:12 | Crear | Villager (Male) |
| 9:13 | Crear | Villager (Male) |
| 9:13 | Crear | Villager (Male) |
| 9:55 | Crear | Villager (Male) |
| 10:18 | Crear | Villager (Male) |
| 10:18 | Crear | Villager (Male) |
| 10:18 | Crear | Villager (Male) |
| 10:29 | Construir | Dock |
| 10:47 | Construir | Palisade Wall |
| 11:17 | Crear | Fishing Ship |
| 11:25 | Crear | Villager (Male) |
| 11:49 | Crear | Fishing Ship |
| 12:18 | Crear | Villager (Male) |
| 12:24 | Crear | Fishing Ship |
| 13:04 | Crear | Villager (Male) |
| 13:06 | Crear | Villager (Male) |
| 14:14 | Crear | Villager (Male) |
| 14:20 | Construir | Lumber Camp |
| 14:51 | Investigar | Feudal Age |
| 15:00 | Construir | Barracks |
| 16:31 | Construir | Dock |
| 17:01 | Edad | Edad Feudal |
| 17:08 | Investigar | Wheelbarrow |
| 18:08 | Construir | Lumber Camp |
| 18:44 | Crear | Villager (Male) |
| 18:45 | Crear | Villager (Male) |
| 18:45 | Crear | Villager (Male) |
| 18:45 | Crear | Villager (Male) |
| 18:46 | Crear | Villager (Male) |
| 18:46 | Crear | Villager (Male) |
| 18:47 | Crear | Villager (Male) |
| 19:05 | Investigar | Double-Bit Axe |
| 19:15 | Construir | Mining Camp |
| 19:45 | Crear | Spearman |
| 19:46 | Crear | Spearman |
| 19:47 | Crear | Spearman |
| 20:08 | Construir | Blacksmith |
| 20:17 | Crear | Spearman |
| 20:34 | Crear | Fishing Ship |
| 20:46 | Construir | Mill |
| 21:08 | Construir | Watch Tower |
| 21:43 | Construir | Lumber Camp |
| 21:54 | Construir | Stable |
| 22:03 | Construir | Stable |
| 22:55 | Investigar | Castle Age |
| 23:14 | Construir | Farm |
| 23:17 | Construir | Farm |
| 23:20 | Construir | Farm |
| 24:15 | Construir | Mining Camp |
| 24:43 | Construir | Dock |
| 24:58 | Construir | Archery Range |
| 25:21 | Investigar | Stone Mining |
| 25:35 | Edad | Edad de los Castillos |
| 25:46 | Construir | Town Center |
| 26:03 | Construir | Farm |
| 26:21 | Investigar | Husbandry |
| 26:24 | Investigar | Scale Barding Armor |
| 27:11 | Construir | Farm |
| 27:14 | Construir | Farm |
| 27:17 | Crear | Villager (Male) |
| 27:18 | Crear | Villager (Male) |
| 27:18 | Crear | Villager (Male) |
| 27:29 | Construir | Mining Camp |
| 27:59 | Crear | Villager (Male) |
| 28:22 | Construir | Dock |
| 28:52 | Crear | Villager (Male) |
| 28:52 | Crear | Villager (Male) |
| 28:53 | Crear | Villager (Male) |
| 28:53 | Crear | Villager (Male) |
| 29:01 | Construir | Farm |
| 29:26 | Crear | Fishing Ship |
| 29:26 | Crear | Fishing Ship |
| 29:42 | Crear | Villager (Male) |
| 29:42 | Crear | Villager (Male) |
| 29:43 | Crear | Villager (Male) |
| 29:46 | Construir | Farm |
| 29:51 | Construir | Farm |
| 31:08 | Construir | Castle |
| 31:49 | Investigar | Fletching |
| 32:19 | Construir | Archery Range |
| 32:21 | Construir | Archery Range |
| 32:24 | Construir | Stable |
| 32:45 | Investigar | Marauders |
| 33:00 | Crear | Tarkan |
| 33:00 | Crear | Tarkan |
| 33:00 | Crear | Tarkan |
| 33:04 | Investigar | Forging |
| 33:05 | Investigar | Chain Barding Armor |
| 33:13 | Investigar | Bloodlines |
| 33:54 | Construir | Farm |
| 33:56 | Construir | Farm |
| 34:40 | Crear | Villager (Male) |
| 34:41 | Crear | Villager (Male) |
| 34:43 | Investigar | Loom |
| 34:46 | Investigar | Hand Cart |
| 35:03 | Crear | Fishing Ship |
| 35:16 | Crear | Villager (Male) |
| 35:17 | Crear | Villager (Male) |
| 35:21 | Crear | Villager (Male) |
| 35:22 | Crear | Villager (Male) |
| 35:35 | Crear | Archer |
| 35:38 | Crear | Archer |
| 35:39 | Crear | Archer |
| 35:39 | Crear | Archer |
| 35:39 | Crear | Archer |
| 35:42 | Crear | Archer |
| 35:43 | Crear | Archer |
| 35:43 | Crear | Archer |
| 35:44 | Crear | Archer |
| 35:44 | Crear | Archer |
| 35:47 | Investigar | Crossbowman (upgrade) |
| 36:00 | Construir | Farm |
| 36:09 | Crear | Fishing Ship |
| 36:20 | Crear | Tarkan |
| 36:39 | Crear | Villager (Male) |
| 36:39 | Crear | Villager (Male) |
| 36:40 | Crear | Villager (Male) |
| 36:40 | Crear | Villager (Male) |
| 36:57 | Construir | Farm |
| 36:58 | Crear | Villager (Male) |
| 36:58 | Crear | Villager (Male) |
| 36:59 | Crear | Villager (Male) |
| 37:13 | Crear | Tarkan |
| 37:14 | Crear | Tarkan |
| 37:14 | Crear | Tarkan |
| 37:14 | Crear | Tarkan |
| 37:36 | Crear | Tarkan |
| 37:36 | Crear | Tarkan |
| 37:37 | Crear | Tarkan |
| 37:44 | Crear | Tarkan ×4 |
| 37:52 | Investigar | Bodkin Arrow |
| 38:41 | Construir | Castle |
| 39:07 | Crear | Tarkan |
| 39:07 | Crear | Tarkan |
| 39:08 | Crear | Tarkan |
Build order — Chennichiwa
Primeras 150 de 536 acciones detectadas
| 0:29 | Construir | Town Center |
| 1:43 | Construir | Dock |
| 1:48 | Construir | House |
| 3:02 | Crear | Villager (Male) |
| 3:02 | Crear | Villager (Male) |
| 3:02 | Crear | Villager (Male) |
| 3:03 | Crear | Villager (Male) |
| 4:27 | Crear | Fishing Ship |
| 4:38 | Investigar | Loom |
| 4:47 | Crear | Villager (Male) |
| 4:47 | Crear | Villager (Male) |
| 4:54 | Construir | House |
| 5:09 | Crear | Fishing Ship |
| 5:40 | Crear | Fishing Ship |
| 5:41 | Crear | Fishing Ship |
| 6:09 | Crear | Villager (Male) |
| 6:09 | Crear | Villager (Male) |
| 6:45 | Crear | Villager (Male) |
| 6:45 | Crear | Villager (Male) |
| 6:55 | Construir | House |
| 7:02 | Crear | Villager (Male) |
| 7:02 | Crear | Villager (Male) |
| 7:07 | Crear | Fishing Ship |
| 7:16 | Construir | House |
| 7:25 | Crear | Villager (Male) |
| 7:25 | Crear | Villager (Male) |
| 7:47 | Crear | Villager (Male) |
| 7:48 | Crear | Villager (Male) |
| 8:01 | Crear | Fishing Ship |
| 8:08 | Crear | Villager (Male) |
| 8:09 | Crear | Villager (Male) |
| 8:33 | Crear | Villager (Male) |
| 8:33 | Crear | Villager (Male) |
| 8:42 | Crear | Fishing Ship |
| 9:03 | Crear | Villager (Male) |
| 9:09 | Crear | Fishing Ship |
| 9:28 | Crear | Villager (Male) |
| 9:29 | Crear | Villager (Male) |
| 10:11 | Crear | Fishing Ship |
| 10:20 | Construir | House |
| 11:15 | Crear | Villager (Male) |
| 11:20 | Crear | Fishing Ship |
| 11:34 | Construir | House |
| 11:40 | Crear | Villager (Male) |
| 12:11 | Construir | Lumber Camp |
| 12:17 | Crear | Villager (Male) |
| 12:31 | Construir | Barracks |
| 12:36 | Crear | Villager (Male) |
| 12:41 | Investigar | Feudal Age |
| 12:50 | Construir | Palisade Wall |
| 13:18 | Construir | House |
| 14:00 | Construir | Mill |
| 14:28 | Construir | Mining Camp |
| 14:52 | Edad | Edad Feudal |
| 15:00 | Crear | Villager (Male) |
| 15:01 | Crear | Villager (Male) |
| 15:02 | Investigar | Double-Bit Axe |
| 15:16 | Construir | Archery Range |
| 15:19 | Crear | Villager (Male) |
| 15:19 | Crear | Villager (Male) |
| 15:20 | Crear | Villager (Male) |
| 16:03 | Investigar | Gold Mining |
| 16:57 | Crear | Villager (Male) |
| 16:57 | Crear | Villager (Male) |
| 16:58 | Crear | Villager (Male) |
| 17:02 | Crear | Archer |
| 17:02 | Crear | Archer |
| 17:03 | Crear | Archer |
| 17:03 | Crear | Archer |
| 17:03 | Crear | Archer |
| 17:04 | Crear | Archer |
| 17:04 | Crear | Archer |
| 17:19 | Construir | Stable |
| 18:00 | Construir | House |
| 18:08 | Investigar | Wheelbarrow |
| 18:15 | Crear | Villager (Male) |
| 18:16 | Crear | Villager (Male) |
| 18:26 | Construir | House |
| 18:28 | Construir | House |
| 18:30 | Construir | House |
| 18:33 | Construir | House |
| 18:44 | Crear | Scout Cavalry |
| 19:00 | Crear | Villager (Male) |
| 19:03 | Investigar | Castle Age |
| 19:57 | Construir | Farm |
| 19:57 | Construir | Farm |
| 19:57 | Construir | Farm |
| 19:57 | Construir | Farm |
| 19:58 | Construir | Farm |
| 20:02 | Construir | House |
| 20:04 | Construir | House |
| 20:05 | Construir | House |
| 20:09 | Construir | House |
| 20:19 | Construir | House |
| 20:20 | Construir | House |
| 20:33 | Crear | Archer |
| 20:33 | Crear | Archer |
| 20:34 | Crear | Archer |
| 21:17 | Crear | Spearman |
| 21:55 | Crear | Archer |
| 21:56 | Crear | Archer |
| 21:56 | Crear | Archer |
| 22:07 | Edad | Edad de los Castillos |
| 22:20 | Crear | Villager (Male) |
| 22:20 | Crear | Villager (Male) |
| 22:21 | Crear | Villager (Male) |
| 22:21 | Crear | Villager (Male) |
| 22:32 | Construir | Town Center |
| 22:39 | Investigar | Bow Saw |
| 22:41 | Crear | Villager (Male) |
| 22:45 | Investigar | Crossbowman (upgrade) |
| 22:50 | Crear | Archer |
| 22:50 | Crear | Archer |
| 22:50 | Crear | Archer |
| 22:53 | Crear | Archer |
| 22:54 | Crear | Archer |
| 23:23 | Construir | Archery Range |
| 23:32 | Crear | Villager (Male) |
| 23:33 | Crear | Villager (Male) |
| 23:34 | Crear | Villager (Male) |
| 23:50 | Construir | House |
| 23:51 | Construir | House |
| 23:52 | Construir | House |
| 24:01 | Crear | Archer |
| 24:01 | Crear | Archer |
| 24:11 | Crear | Spearman |
| 24:11 | Crear | Spearman |
| 24:13 | Crear | Villager (Male) |
| 24:22 | Construir | Town Center |
| 24:27 | Crear | Villager (Male) |
| 24:28 | Crear | Villager (Male) |
| 24:28 | Crear | Villager (Male) |
| 24:37 | Construir | Farm |
| 24:38 | Construir | Farm |
| 24:38 | Construir | Farm |
| 24:38 | Construir | Farm |
| 24:38 | Construir | Farm |
| 24:39 | Construir | Farm |
| 25:43 | Crear | Archer |
| 25:43 | Crear | Archer |
| 25:43 | Crear | Archer |
| 25:44 | Crear | Archer |
| 25:45 | Crear | Villager (Male) |
| 25:45 | Crear | Villager (Male) |
| 25:47 | Crear | Villager (Male) |
| 25:47 | Crear | Villager (Male) |
| 25:51 | Construir | Farm |
| 25:51 | Construir | Farm |
| 25:51 | Construir | Farm |
| 25:59 | Crear | Villager (Male) |
Cronología de la partida
| 0:57 | Yova · first_building Dock |
| 1:15 | Mamba24 · first_building Dock |
| 1:43 | Chennichiwa · first_building Dock |
| 1:43 | lilofduque · first_building Dock |
| 6:51 | Mathías · first_building Dock |
| 10:29 | Rodra · first_building Dock |
| 10:47 | Rodra · wall_segment Palisade Wall x8 |
| 10:53 | Yova · first_building Barracks |
| 12:31 | Chennichiwa · first_building Barracks |
| 12:50 | Chennichiwa · wall_segment Palisade Wall x1 |
| 13:36 | lilofduque · age_up feudal |
| 14:34 | Yova · age_up feudal |
| 14:40 | Mamba24 · first_building Barracks |
| 14:42 | lilofduque · first_market_buy 100 food |
| 14:52 | Chennichiwa · age_up feudal |
| 15:00 | Rodra · first_building Barracks |
| 15:16 | Chennichiwa · first_building Archery Range |
| 15:27 | Mamba24 · age_up feudal |
| 15:44 | Mamba24 · first_building Stable |
| 17:01 | Rodra · age_up feudal |
| 17:03 | Yova · first_building Stable |
| 17:19 | Chennichiwa · first_building Stable |
| 17:27 | Mathías · wall_segment Palisade Wall x1 |
| 17:47 | lilofduque · age_up castle |
| 17:49 | Mathías · wall_segment Palisade Wall x1 |
| 17:58 | Mathías · wall_segment Palisade Wall x1 |
| 18:28 | lilofduque · first_building Castle |
| 18:54 | Mathías · age_up feudal |
| 18:55 | Mamba24 · wall_segment Palisade Wall x1 |
| 20:54 | Mathías · first_building Barracks |
| 21:02 | Mathías · wall_segment Stone Wall x7 |
| 21:02 | Yova · age_up castle |
| 21:54 | Rodra · first_building Stable |
| 21:58 | Mathías · first_building Archery Range |
| 22:07 | Chennichiwa · age_up castle |
| 22:18 | Mamba24 · wall_segment Palisade Wall x10 |
| 23:04 | Mamba24 · wall_segment Palisade Wall x1 |
| 23:07 | Mathías · wall_segment Stone Wall x7 |
| 23:07 | Mamba24 · wall_segment Palisade Wall x9 |
| 23:13 | Mamba24 · wall_segment Palisade Wall x4 |
| 23:22 | Mathías · age_up castle |
| 24:24 | lilofduque · first_building Barracks |
| 24:58 | Rodra · first_building Archery Range |
| 25:04 | Yova · first_building Monastery |
| 25:35 | Rodra · age_up castle |
| 25:57 | Mamba24 · wall_segment Stone Wall x1 |
| 26:29 | Mamba24 · first_market_sell 100 food |
| 26:40 | Mathías · first_building Monastery |
| 26:41 | lilofduque · first_building Stable |
| 27:15 | Mamba24 · age_up castle |
| 30:19 | Mathías · first_market_sell 100 food |
| 30:23 | Mathías · first_market_buy 100 stone |
| 30:35 | Mamba24 · first_market_buy 100 food |
| 30:43 | Mathías · first_building Castle |
| 31:00 | lilofduque · resign |
| 31:08 | Rodra · first_building Castle |
| 32:06 | Yova · first_building Castle |
| 32:19 | Yova · first_market_buy 100 food |
| 32:23 | Yova · first_market_sell 100 wood |
| 33:44 | Chennichiwa · first_building Siege Workshop |
| 34:23 | Chennichiwa · first_building Castle |
| 35:22 | Chennichiwa · first_building Monastery |
| 35:24 | Yova · first_building Archery Range |
| 35:41 | Chennichiwa · wall_segment Palisade Wall x2 |
| 36:13 | Mamba24 · first_building Monastery |
| 36:20 | Yova · age_up imperial |
| 37:58 | Mamba24 · first_building Castle |
| 39:02 | Mathías · wall_segment Stone Wall x14 |
| 39:08 | Mathías · wall_segment Stone Wall x8 |
| 41:18 | Mathías · wall_segment Stone Wall x10 |
| 41:32 | Mathías · wall_segment Stone Wall x8 |
| 43:03 | Mathías · age_up imperial |
| 43:07 | Chennichiwa · age_up imperial |
| 50:19 | Mamba24 · tribute_sent a jugador 1 |
| 50:19 | Mamba24 · tribute_sent a jugador 2 |
| 50:19 | Mamba24 · tribute_sent a jugador 4 |
| 50:19 | Mamba24 · tribute_sent a jugador 5 |
| 50:19 | Mamba24 · tribute_sent a jugador 6 |
[ ANÁLISIS IA · 1 CRÉDITO ]
¿Qué pasó realmente en esta partida?
Wolo.gg analiza cada decisión: build order, eco, micro, errores típicos por bracket. Análisis personalizado por WhatsApp o Discord en 30 segundos.
Guía civ
Maya
Guía mapa
Nomad
Perfil
Jugador #629927